 Dungeon Crawl Stone Soup version 0.17-a0-1798-g879a7aa (webtiles) character file.

45 shakdrar the Unweaver (level 3, -5/29 HPs)
             Began as a Demonspawn Abyssal Knight on Sept 10, 2015.
             Was a Follower of Lugonu.
             Splashed by a jelly's acid (6 damage)
             ... on level 2 of the Dungeon.
             The game lasted 00:03:45 (1551 turns).

shakdrar the Unweaver (Demonspawn Abyssal Knight)   Turns: 1551, Time: 00:03:45

Health: -5/29      AC: -6    Str: 12    XL:     3   Next: 42%
Magic:  5/5        EV: 11    Int: 13    God:    Lugonu [*.....]
Gold:   21         SH:  0    Dex: 11    Spells: 0 memorised, 2 levels left

rFire  . . .     SeeInvis .     a - +1 hand axe
rCold  + . .     Clarity  .     b - +0 leather armour
rNeg   . . .     SustAt   .     (no shield)
rPois  .         Gourm    .     (no helmet)
rElec  .         Spirit   .     (no cloak)
rCorr  .         Warding  .     (no gloves)
rMut   .         Stasis   .     (no boots)
MR     .....                    (no amulet)
Stlth  +.........               (no ring)
                                (no ring)

@: corroded equipment, not resistant to hostile enchantments, very unstealthy
A: claws 1, thin metallic scales 1, clumsy 1, cold resistance 1, low mp 1, no
device heal 1
a: Depart the Abyss, Renounce Religion


You were on level 2 of the Dungeon.
You worshipped Lugonu.
Lugonu was aware of your devotion.
You were not hungry.

You visited 1 branch of the dungeon, and saw 2 of its levels.
You visited the Abyss 1 time.

You collected 21 gold pieces.

Inventory:

Hand weapons
 a - a +1 hand axe (weapon)
Missiles
 f - 3 curare-tipped needles
Armour
 b - a +0 leather armour (worn)
Scrolls
 d - 2 scrolls of fog
 i - a scroll of identify
Potions
 e - 2 potions of curing
 j - a potion of might {unknown}
 k - a potion of invisibility {unknown}
Comestibles
 c - 2 bread rations
 g - a beef jerky
 h - a meat ration


   Skills:
 - Level 3.0 Fighting
 + Level 2.5 Axes
 + Level 2.3 Armour
 - Level 0.8 Dodging
 + Level 3.4 Invocations


You had 2 spell levels left.
You didn't know any spells.

Dungeon Overview and Level Annotations

Branches:
Dungeon (2/15)

Altars:


Innate Abilities, Weirdness & Mutations

You have sharp fingernails.
You are partially covered in thin metallic scales (AC +2).
You are clumsy. (Dex -2)
Your flesh is cold resistant.
Your magical capacity is low (-10% MP).
Potions and wands are less effective at restoring your health.


Message History

You see here 2 stones.
A jelly comes into view.
You hit the jelly. The acid corrodes you!
Your claws burn!
The jelly is lightly wounded.
The jelly barely misses you. The jelly hits you.
You are splashed with acid!
The acid corrodes you!
The acid burns!
You hit the jelly but do no damage.
Your claws burn!
The jelly is lightly wounded.
The jelly hits you.
You are splashed with acid!
The acid burns!
* * * LOW HITPOINT WARNING * * *
You hit the jelly but do no damage. The acid corrodes you!
Your claws burn!
* * * LOW HITPOINT WARNING * * *
The jelly is lightly wounded.
The jelly barely misses you.
You barely miss the jelly.
The jelly is lightly wounded.
The jelly hits you.
* * * LOW HITPOINT WARNING * * *
You are splashed with acid!
The acid burns!
You die...

##.....#..#.........## ##..#
#...###..#########..# +...# #.(.#
#..# ##.# #.#.# #.#.# #..#
#####..#######.#..
###...###..#####.......#...#.....
...###.................##†##.####
###.#.#)########.###.#..#'#..####
##....(.# #J###.............
#..###.######@##.<..........##
#..# #.(......##.#####.####(##
####..###.#########.# #....<.÷.
..........#########.# #####.#..
#######...........(.# ##.## #
############### ### # # #


You could see a jelly.

Vanquished Creatures
  2 adders (D:2)
  3 giant geckos
  A giant cockroach (D:1)
  A hobgoblin (D:2)
  A quokka (D:2)
  3 bats
  2 giant newts (D:1)
  3 goblins
  6 kobolds
  2 rats (D:1)
24 creatures vanquished.

Notes
Turn   | Place    | Note
--------------------------------------------------------------
     0 | Abyss:1  | shakdrar the Demonspawn Abyssal Knight began the quest for the Orb.
     0 | Abyss:1  | Reached XP level 1. HP: 18/18 MP: 2/2
    48 | Abyss:1  | Noticed a wolf spider zombie
    49 | D:1      | Escaped the Abyss
   232 | D:1      | Gained mutation: Potions and wands are less effective at restoring your health. [potion of mutation]
   232 | D:1      | Gained mutation: You are clumsy. (Dex -2) [potion of mutation]
   232 | D:1      | Gained mutation: Your magical capacity is low (-10% MP). [potion of mutation]
   744 | D:1      | Gained mutation: You are partially covered in thin metallic scales (AC +2). [demonic ancestry]
   744 | D:1      | Reached XP level 2. HP: 21/24 MP: 3/3
   816 | D:2      | Acquired Lugonu's first power
  1040 | D:2      | Gained mutation: Your flesh is cold resistant. [potion of beneficial mutation]
  1076 | D:2      | Gained mutation: You have sharp fingernails. [demonic ancestry]
  1076 | D:2      | Reached XP level 3. HP: 16/29 MP: 4/4
  1551 | D:2      | HP: 1/29 [jelly (1)]
  1551 | D:2      | Splashed by a jelly's acid

Vault maps used:
D:1:      scummos_arrival_simple_fountains, nrook_mini_backslash
D:2:      serial_park_tiny_2, minmay_divided_ellipse
Abyss:1:  evilmike_abyss_exit_9

Action                   || total
-------------------------++-------
Melee: Hand axe          ||   109
Invok: Depart the Abyss  ||     1
  Use: Potion            ||     4
       Scroll            ||     4
 Stab: Sleeping          ||     1
  Eat: Chunk             ||     1
       Pizza             ||     1
